 Dungeon Crawl Stone Soup version 0.31-a0-246-g8cbcc1cb85 (webtiles) character file.

Game seed: 10902795415406840901

92 cforsyth the Changeling (level 4, -7/44 HPs)
             Began as an Ogre Shapeshifter on July 12, 2023.
             Killed from afar by Terence (11 damage)
             ... with a puff of flame
             ... on level 3 of the Dungeon.
             The game lasted 00:02:59 (1980 turns).

cforsyth the Changeling (Ogre Shapeshifter)         Turns: 1980, Time: 00:03:00

Health: -7/44      AC:  3    Str: 21    XL:     4   Next: 60%
Magic:  4/4        EV:  9    Int:  9    God:
Gold:   77         SH:  0    Dex:  9    Spells: 3/3 levels left

rFire   . .          .
                       - Unarmed
rCold   . . .        (no shield)
rNeg    . . .        a - +0 animal skin
rPois   .            (helmet currently unavailable)
rElec   .            (cloak currently unavailable)
rCorr   .            (gloves unavailable)
SInv    .            (boots unavailable)
Will    .....        (no amulet)
Stlth   +            (no ring)
HPRegen 0.27/turn    (no ring)
MPRegen 0.09/turn

%: no passive effects
@: beast-form
A: beast (slay +2), large, unfitting armour, tough skin 1
a: no special abilities


You were on level 3 of the Dungeon.
You were a hulking beast.
You visited 1 branch of the dungeon, and saw 3 of its levels.

You collected 77 gold pieces.

Inventory:

Armour
 a - a +0 animal skin (worn)
Talismans
 c - a beast talisman
Scrolls
 d - a scroll of fog {unknown}
 h - a scroll of noise {unknown}
 i - a scroll of revelation {unknown}
 j - 2 scrolls of identify {unknown}
 k - a scroll of poison {unknown}
 m - a scroll of teleportation {unknown}
Potions
 b - a potion of lignification
 e - a potion of heal wounds {unknown}
 f - 3 potions of might {unknown}
 g - 2 potions of mutation {unknown}
 l - 2 potions of degeneration {unknown}
 n - a potion of magic {unknown}


   Skills:
 - Level 2.6 Fighting
 - Level 1.7 Dodging
 + Level 3.2 Unarmed Combat
 + Level 3.9 Shapeshifting


You had 3 spell levels left.
You didn't know any spells.
Your spell library was empty.

Dungeon Overview and Level Annotations

Branches:
Dungeon (3/15)

Altars:

Annotations:
D:3 Terence


Innate Abilities, Weirdness & Mutations

You are a hulking beast.
Your limbs bulge with bestial killing power. (Slay +2)
You are too large for most types of armour.
You have tough skin. (AC +1)


Message History

Terence moves out of view.
A ball python is nearby!
Found an escape hatch in the ceiling.
The ball python hisses angrily.
A dart slug comes into view.
Terence hits you with a +0 trident.
You barely miss Terence.
Terence zaps a wand.
The puff of flame hits you!
You hit Terence but do no damage.
The ball python bites you but does no damage.
Terence zaps a wand.
The puff of flame hits you!
You hit Terence.
Terence is moderately wounded.
The ball python bites you. Terence hits you with a +0 trident!
You are too injured to fight recklessly!
You are too injured to fight recklessly!
You are too injured to fight recklessly!
You are too injured to fight recklessly!
You are too injured to fight recklessly!
You are too injured to fight recklessly!
You are too injured to fight recklessly!
You are too injured to fight recklessly!
You are too injured to fight recklessly!
You are too injured to fight recklessly!
You are too injured to fight recklessly!
You are too injured to fight recklessly!
Unknown command.
Terence closely misses you. The ball python closely misses you.
You punch the ball python!
You kill the ball python!
Terence hits you from afar with a +0 trident.
Terence zaps a wand.
The puff of flame hits you!
* * * LOW HITPOINT WARNING * * *
There is an escape hatch in the floor here.
Terence zaps a wand.
The puff of flame hits you.
* * * LOW HITPOINT WARNING * * *
Terence says, "You're history."
The dart slug launches a dart at you.
The slug dart hits you but does no damage.
Terence zaps a wand.
The puff of flame hits you!
You die...

.###.##.###############.#########
........>.@.........#............
#....##.##..........#)#.#######.#
....w....+.w........#.#.# #.#
....###.##..........#.#.# #.#
.<.. ...............#.#.#######.#
.... ##.#...........#.#..........
... #.#...........#.###########
... #.#.......h...#.#
#...........#.# #.......)...#.#
#.#.....#+#.#.#####
#.#.###+#.#.#.....# #
#.......#.#####.#
###+#+#.......#.# #.#
#.............#.# #.#
#.......###+#.#.#####.#


You could see Terence and a dart slug.

Vanquished Creatures
  3 adders
  2 worms (D:2)
  4 dart slugs
  8 ball pythons
  2 endoplasms
  2 giant cockroaches (D:1)
  2 goblins (D:1)
  5 hobgoblins
  4 kobolds
  6 quokkas
  5 bats
  5 frilled lizards
  4 rats
52 creatures vanquished.

Notes
Turn   | Place    | Note
-------+----------+-------------------------------------------
     0 | D:1      | cforsyth the Ogre Shapeshifter began the quest for the Orb.
     0 | D:1      | Reached XP level 1. HP: 22/22 MP: 1/1
   127 | D:1      | Reached XP level 2. HP: 29/29 MP: 2/2
   528 | D:1      | Reached XP level 3. HP: 34/36 MP: 3/3
  1163 | D:2      | Found a faded altar of an unknown god.
  1174 | D:2      | Reached XP level 4. HP: 36/44 MP: 4/4
  1963 | D:3      | Noticed Terence
  1980 | D:3      | Killed from afar by Terence

Illustrated notes

Levels and vault maps discovered:
D:1:      dpeg_arrival_tiny_c, layout_basic, minmay_misc_feat_pillars
D:2:      layout_loops_ring, nicolae_ecumenical_snake_handling,
          serial_bayou_pond_d, minmay_misc_feat_iff, minmay_tetromino_s2
D:3:      layout_basic, uniq_ijyb, uniq_terence, uniq_sigmund, uniq_natasha

Skill      XL: |  1  2  3 |
---------------+----------+-----
Unarmed Combat | 2 3 |  3.2
Fighting       | |  2.6
Dodging        | |  1.7
Shapeshifting  | |  3.9

Action                     |  1- 3 |  4- 6 || total
---------------------------+-------+-------++-------
  Melee: Unarmed           |   104 |    42 ||   146
         Punch             |     3 |     1 ||     4
 Armour: Animal skin       |    25 |    12 ||    37
  Dodge: Dodged            |    59 |    23 ||    82

Table legend: (Time is in decaauts)
 A = Elapsed time spent in this place.
 B = Non-inter-level travel time spent in this place.
 C = Inter-level travel time spent in this place.
 D = Time resting spent in this place.
 E = Time spent auto-exploring this place.
 F = Levels seen in this place.
 G = Mean time per level.
                   A        B        C        D        E       F      G
               +--------+--------+--------+--------+--------+-----+--------+
         Total |   1972 |   1958 |     14 |      0 |   1629 |   3 |  657.3 |
       Dungeon |   1972 |   1958 |     14 |      0 |   1629 |   3 |  657.3 |
               +--------+--------+--------+--------+--------+-----+--------+

Top non-repeatable levels by time:
     D:2: 886 daAuts
     D:1: 865 daAuts
     D:3: 220 daAuts
